 Dungeon Crawl Stone Soup version 0.22.1-1-ga44c0e5 (webtiles) character file.

10470 brandon the Cleaver (level 11, -1/97 HPs)
             Began as a Minotaur Berserker on Oct 1, 2018.
             Was a High Priest of Trog.
             Killed from afar by a frost giant (19 damage)
             ... with a bolt of cold
             ... on level 9 of the Dungeon.
             The game lasted 00:23:24 (10127 turns).

brandon the Cleaver (Minotaur Berserker)           Turns: 10127, Time: 00:23:25

Health: -1/97      AC: 14    Str: 26    XL:     11   Next: 36%
Magic:  10/10      EV: 12    Int:  4    God:    Trog [*****.]
Gold:   413        SH:  0    Dex: 13    Spells: 10/10 levels left

rFire    . . .     SeeInvis .   y - +0 war axe
rCold    + . .     Gourm    .   (no shield)
rNeg     . . .     Faith    .   B - +0 chain mail of Magic {rC+ MR+}
rPois    .         Spirit   .   (helmet restricted)
rElec    .         Reflect  .   M - scarf {cloud immunity}
rCorr    .         Harm     .   e - +0 pair of gloves
MR       ++...                  l - +0 pair of boots
Stlth    ..........             (no amulet)
HPRegen  0.26/turn              a - ring "Amom" {+Fly Str+4}
MPRegen  0.12/turn              H - ring of protection from magic

@: berserk cooldown, slowed, very slow
A: retaliatory headbutt, horns 2
a: Berserk, Trog's Hand, Brothers in Arms, Renounce Religion, Evoke Flight


You were on level 9 of the Dungeon.
You worshipped Trog.
Trog was extremely pleased with you.
You were not hungry.

You visited 1 branch of the dungeon, and saw 9 of its levels.

You collected 413 gold pieces.

Inventory:

Hand Weapons
 t - a +0 dire flail of holy wrath
 y - a +0 war axe (weapon)
Armour
 e - a +0 pair of gloves (worn)
 l - a +0 pair of boots (worn)
 p - a +2 scale mail of magic resistance
 B - the +0 chain mail of Magic (worn) {rC+ MR+}
   (You found it on level 6 of the Dungeon)

   It protects you from cold.
   It affects your resistance to hostile enchantments.
 F - a +0 cloak
 M - a scarf of cloud immunity (worn)
Magical Staves
 C - an uncursed staff of wizardry {unknown}
Jewellery
 a - the ring "Amom" (left hand) {+Fly Str+4}
   (You took it off an orc on level 5 of the Dungeon)

   [ring of flight]

   It affects your strength (+4).
   It lets you fly.
 G - an uncursed ring of magical power {unknown}
 H - a ring of protection from magic (right hand)
 Q - an uncursed amulet of magic regeneration {unknown}
Wands
 b - a wand of digging (22)
 D - a wand of acid (12)
 J - a wand of polymorph (7)
 P - a wand of flame (24)
Scrolls
 d - 3 scrolls of enchant armour {unknown}
 f - 8 scrolls of identify
 h - 2 scrolls of noise {unknown}
 i - 10 scrolls of teleportation
 j - 6 scrolls of remove curse
 k - 3 scrolls of blinking {unknown}
 m - 3 scrolls of amnesia {unknown}
 r - 3 scrolls of random uselessness {unknown}
 w - 3 scrolls of immolation {unknown}
 A - 2 scrolls of magic mapping {unknown}
 E - a scroll of enchant weapon {unknown}
 I - a scroll of fog {unknown}
 O - 2 scrolls of fear {unknown}
Potions
 g - a potion of mutation {unknown}
 n - a potion of brilliance {unknown}
 o - 2 potions of might {unknown}
 q - 4 potions of curing
 s - a potion of magic {unknown}
 u - 3 potions of agility
 v - 2 potions of invisibility {unknown}
 x - a potion of cancellation {unknown}
 z - 2 potions of resistance {unknown}
 K - 3 potions of flight
 L - a potion of degeneration {unknown}
 R - 2 potions of ambrosia {unknown}
Miscellaneous
 N - a box of beasts
Comestibles
 c - 12 rations


   Skills:
 + Level 9.6 Fighting
 * Level 14.9(15.2) Axes
 - Level 5.4(11.3) Maces & Flails
 + Level 9.0 Armour
 + Level 6.4 Dodging
 - Level 1.0 Stealth


You had 10 spell levels left.
You didn't know any spells.
Your spell library contained the following spells:

 Spells                   Type           Power        Failure   Level  Hunger
 Magic Dart               Conj           #...         96%         1    ##.....
 Sandblast                Erth           #.....       96%         1    ##.....
 Blink                    Tloc           N/A          99%         2    ###....
 Call Imp                 Summ           #.......     99%         2    ###....
 Passwall                 Tmut/Erth      #.......     99%         2    ###....
 Slow                     Hex            #.......     99%         2    ###....
 Conjure Flame            Conj/Fire      #.......     100%        3    ####...
 Mephitic Cloud           Conj/Pois/Air  #.......     100%        3    ####...
 Stone Arrow              Conj/Erth      #.....       100%        3    ####...
 Petrify                  Tmut/Erth      #.......     100%        4    #####..
 Bolt of Magma            Conj/Fire/Erth #.........   100%        5    ######.
 Iskenderun's Battlesphe  Conj/Chrm      #.......     100%        5    ######.
 Lee's Rapid Deconstruct  Erth           #.........   100%        5    ######.
 Venom Bolt               Conj/Pois      #.........   100%        5    ######.
 Iron Shot                Conj/Erth      #.........   100%        6    #######
 Orb of Destruction       Conj           #.........   100%        7    #######
 Spellforged Servitor     Conj/Summ      #.........   100%        7    #######


Dungeon Overview and Level Annotations

Branches:
Dungeon (9/15)             Temple (0/1) D:6
   Lair: D:8-11         Orc: D:9-12

Altars:
Cheibriados
Dithmenos
Gozag
Kikubaaqudgha
Ru
Trog
Uskayaw
Wu Jian
The Shining One

Shops:
D:7 (

Annotations:
D:9 TotesWizzard's ghost, journeyman OpEE


Innate Abilities, Weirdness & Mutations

You reflexively headbutt those who attack you in melee.
You have a pair of horns on your head.


Message History

You feel a strong urge to attack something.
You hear a shout!
There is an open door here.
You feel your anger nearly subside.
You are no longer berserk.
You are exhausted.
You feel yourself slow down.
There is an open door here.
Your ogre hits the leopard gecko zombie with a giant club!!!
The leopard gecko zombie is destroyed!
Trog accepts your kill.
Your ogre hits the frost giant with a giant club!
The frost giant casts a spell at you. The bolt of cold hits your ogre.
Your ogre dies!
Your ogre's corpse disappears in a puff of smoke!
The bolt of cold misses you.
There is an open door here.
The frost giant gestures at you while chanting.
The bolt of cold hits you! You resist.
You die...

#.#..#.#..#.......)#.....
#.#.#...#.#........#####.
.#..#.#..#........# ##
#.......#........#
#...K...#........#
#.###'CO###.###..###
#.....†.....####.##
######W###........# #####
##.C@'........#
......##..###........#
.........## #........#
##### ......####
#........# #.... .....
#....<...###.### >...
#...[....'...# ...
#........##### ..
#........# # #........#


You could see a frost giant and TotesWizzard's ghost.

Vanquished Creatures
  2 two-headed ogres
  An unseen horror (D:7)
  2 wizards (D:7)
  Pikel (D:9)
  Maurice (D:8)
  Joseph (D:8)
  2 trolls
  A hornet (D:9)
  2 hippogriffs
  A wyvern (D:8)
  8 yaks (D:9)
  Edmund (D:4)
  A black bear (D:7)
  An ice beast (D:5)
  4 sky beasts
  2 slaves (D:9)
  An orc warrior (D:9)
  4 ogres
  An eye of draining (D:7)
  A necrophage (D:8)
  4 centaurs
  A big kobold (D:8)
  5 bullfrogs
  3 scorpions
  3 killer bees (D:8)
  3 vampire bats (D:4)
  A howler monkey (D:4)
  A bullfrog zombie (D:7)
  A centaur zombie (D:7)
  A bullfrog skeleton (D:6)
  An orc priest (D:3)
  2 centaur skeletons
  5 hounds
  4 orc wizards
  Crazy Yiuf (D:6)
  3 iguanas
  9 worker ants
  A killer bee zombie (D:7)
  A mummy (D:7)
  2 worker ant zombies (D:7)
  8 gnolls
  Robin (D:4)
  7 adders
  A shadow imp (D:9)
  An adder skeleton (D:3)
  2 adder zombies
  A worm (D:4)
  4 leopard geckos
  23 orcs
  4 ball pythons
  A bat skeleton (D:4)
  3 bat zombies (D:4)
  11 giant cockroaches
  15 goblins
  11 hobgoblins
  7 jackals
  10 quokkas
  8 bats
  4 frilled lizards
  A jackal skeleton (D:2)
  13 kobolds
  A leopard gecko zombie (D:7)
  A quokka skeleton (D:7)
  12 rats
240 creatures vanquished.

Vanquished Creatures (collateral kills)
  A two-headed ogre (D:8)
  An orc sorcerer (D:7)
  An ogre (D:8)
  A phantom (D:7)
  A necrophage (D:7)
  A jelly (D:9)
  A shadow imp (D:7)
  An adder zombie (D:9)
  A leopard gecko zombie (D:9)
9 creatures vanquished.

Vanquished Creatures (others)
  A slave (D:9)
  A howler monkey (D:5)
  A crimson imp (D:9)
  An orc (D:9)
4 creatures vanquished.

Grand Total: 253 creatures vanquished

Notes
Turn   | Place    | Note
-------+----------+-------------------------------------------
     0 | D:1      | brandon the Minotaur Berserker began the quest for the Orb.
     0 | D:1      | Reached XP level 1. HP: 19/19 MP: 0/0
   228 | D:1      | Reached XP level 2. HP: 22/27 MP: 1/1
   430 | D:1      | Reached skill level 4 in Axes
   652 | D:1      | Reached ** piety under Trog
   844 | D:2      | Found an ornate altar of the Wu Jian Council.
   888 | D:2      | Reached XP level 3. HP: 17/33 MP: 2/2
  1135 | D:2      | Reached skill level 5 in Axes
  1150 | D:2      | Reached XP level 4. HP: 38/40 MP: 3/3
  1781 | D:3      | Noticed an ogre
  1790 | D:3      | Killed an ogre
  1790 | D:3      | Reached skill level 6 in Axes
  1790 | D:3      | Reached XP level 5. HP: 29/47 MP: 4/4
  2372 | D:3      | Reached *** piety under Trog
  2750 | D:4      | Noticed an ogre
  2757 | D:4      | Killed an ogre
  2757 | D:4      | Reached skill level 7 in Axes
  2757 | D:4      | Reached XP level 6. HP: 26/55 MP: 5/5
  3181 | D:4      | Reached skill level 5 in Fighting
  3354 | D:4      | Noticed Edmund
  3361 | D:4      | Killed Edmund
  3499 | D:4      | Reached XP level 7. HP: 61/61 MP: 6/6
  3642 | D:4      | Noticed Robin
  3646 | D:4      | Reached skill level 8 in Axes
  3655 | D:4      | Killed Robin
  3777 | D:4      | Found an ancient bone altar of Kikubaaqudgha.
  3782 | D:4      | Reached skill level 1 in Maces & Flails
  3857 | D:4      | Found an opulent altar of Gozag.
  4009 | D:5      | Entered Level 5 of the Dungeon
  4014 | D:5      | Reached **** piety under Trog
  4042 | D:5      | Noticed a troll
  4056 | D:5      | Killed a troll
  4056 | D:5      | Reached skill level 1 in Stealth
  4056 | D:5      | Reached XP level 8. HP: 17/70 MP: 7/7
  4081 | D:5      | Reached skill level 5 in Maces & Flails
  4530 | D:5      | Found a glowing golden altar of the Shining One.
  4562 | D:5      | Found a shadowy altar of Dithmenos.
  4763 | D:5      | Reached skill level 9 in Axes
  4941 | D:5      | Got a fine golden ring
  5339 | D:6      | Got a jewelled chain mail
  5352 | D:6      | Identified the cursed +0 chain mail of Magic {rC+ MR+} (You
                  | found it on level 6 of the Dungeon)
  5410 | D:6      | Found a staircase to the Ecumenical Temple.
  5506 | D:6      | Found a runed door.
  5572 | D:6      | Noticed Crazy Yiuf
  5575 | D:6      | Killed Crazy Yiuf
  5634 | D:6      | Found a bloodstained altar of Trog.
  5663 | D:6      | Found a hide-covered altar of Uskayaw.
  6028 | D:6      | Reached skill level 5 in Armour
  6270 | D:7      | Found a snail-covered altar of Cheibriados.
  6300 | D:7      | Noticed a troll
  6304 | D:7      | Reached skill level 10 in Axes
  6305 | D:7      | Reached XP level 9. HP: 62/78 MP: 8/8
  6310 | D:7      | Killed a troll
  6320 | D:7      | Noticed a wizard
  6321 | D:7      | Noticed a wizard
  6322 | D:7      | Noticed an orc sorcerer
  6327 | D:7      | Killed a wizard
  6327 | D:7      | Reached skill level 11 in Axes
  6328 | D:7      | Killed a wizard
  6330 | D:7      | Killed an orc sorcerer
  6330 | D:7      | Reached skill level 12 in Axes
  6456 | D:7      | Killed an unseen horror
  6456 | D:7      | Reached XP level 10. HP: 15/88 MP: 5/9
  6655 | D:7      | Found Ryitrubb's Antique Weapon Shop.
  7002 | D:7      | Reached skill level 13 in Axes
  7032 | D:7      | Found a sacrificial altar of Ru.
  7335 | D:7      | Received a gift from Trog
  7778 | D:8      | Noticed a two-headed ogre
  7783 | D:8      | Killed a two-headed ogre
  8171 | D:8      | Noticed Maurice
  8172 | D:8      | Noticed Joseph
  8186 | D:8      | Killed Maurice
  8247 | D:8      | Identified the ring "Amom" {+Fly Str+4} (You took it off an
                  | orc on level 5 of the Dungeon)
  8418 | D:8      | Reached skill level 5 in Dodging
  8508 | D:8      | Noticed a two-headed ogre
  8517 | D:8      | Killed a two-headed ogre
  8517 | D:8      | Reached skill level 14 in Axes
  9046 | D:8      | Killed Joseph
  9313 | D:9      | Paralysed by a hornet for 3 turns
  9347 | D:9      | Noticed Pikel
  9360 | D:9      | Killed Pikel
  9360 | D:9      | Reached XP level 11. HP: 81/97 MP: 10/10
  9393 | D:9      | Found a hide-covered altar of Uskayaw.
  9467 | D:9      | Reached ***** piety under Trog
  9547 | D:9      | Noticed a frost giant
  9748 | D:9      | Noticed TotesWizzard's ghost (journeyman OpEE)
  9839 | D:9      | Noticed a two-headed ogre
  9848 | D:9      | Killed a two-headed ogre
 10095 | D:9      | Found a runed gate.
 10095 | D:9      | Found a runed gate.
 10095 | D:9      | Found a runed gate.
 10127 | D:9      | Killed from afar by a frost giant

Skill      XL: |  1  2  3  4  5  6  7  8  9 10 11 |
---------------+----------------------------------+-----
Fighting       | 4 5 6 8 9 |  9.6
Axes           | 4 5 6 7 8 10 12 14 | 14.9
Dodging        | 3 4 5 6 |  6.4
Armour         | 3 4 5 6 8 9 |  9.0
Maces & Flails | 4 5 |  5.4
Stealth        | 1 |  1.0

Action                   |  1- 3 |  4- 6 |  7- 9 | 10-12 || total
-------------------------+-------+-------+-------+-------++-------
Melee: Hand axe          |    53 |   115 |    22 |       ||   190
       Headbutt          |     3 |    23 |    40 |    48 ||   114
       Dire flail        |       |     4 |    74 |       ||    78
       War axe           |       |       |   140 |   228 ||   368
Invok: Berserk           |       |       |     2 |     3 ||     5
       Brothers in Arms  |       |       |     1 |     2 ||     3
  Use: Potion            |       |       |     1 |       ||     1
       Scroll            |       |       |       |     3 ||     3
 Stab: Sleeping          |       |     1 |       |       ||     1
       Distracted        |       |       |     1 |       ||     1
  Eat: Chunk             |       |     6 |     1 |     4 ||    11
       Ration            |       |     1 |     3 |     3 ||     7
Armor: Animal skin       |    12 |     7 |       |       ||    19
       Scale mail        |       |    31 |    71 |       ||   102
       Chain mail        |       |       |   109 |   121 ||   230
Dodge: Dodged            |    51 |    72 |   168 |   130 ||   421
